 Dungeon Crawl Stone Soup version 0.29-a0-210-g9445043ebc (webtiles) character file.

Game seed: 12881985071089047890

84 HotDog the Poker (level 4, -7/34 HPs)
             Began as a Merfolk Gladiator on Feb 24, 2022.
             Killed from afar by Ijyb (24 damage)
             ... with a bolt of acid
             ... on level 3 of the Dungeon.
             The game lasted 00:01:41 (1744 turns).

HotDog the Poker (Merfolk Gladiator)                Turns: 1744, Time: 00:01:41

Health: -7/34      AC:  6    Str: 16    XL:     4   Next: 45%
Magic:  4/4        EV: 13    Int:  7    God:
Gold:   60         SH:  0    Dex: 15    Spells: 3/3 levels left

rFire   + . .      SeeInvis .   a - +0 trident
rCold   . . .      Faith    .   (no shield)
rNeg    . . .      Spirit   .   l - +2 leather armour {rF+}
rPois   .          Reflect  .   c - +0 helmet
rElec   .          Harm     .   (no cloak)
rCorr   .          Rampage  .   (no gloves)
Will    .....                   (no boots)
Stlth   +.........              (no amulet)
HPRegen 0.11/turn               (no ring)
MPRegen 0.09/turn               (no ring)

@: no status effects
A: (nimble swimmer 2), mertail
a: no special abilities


You were on level 3 of the Dungeon.
You visited 1 branch of the dungeon, and saw 3 of its levels.

You collected 60 gold pieces.

Inventory:

Hand Weapons
 a - a +0 trident (weapon)
Missiles
 d - 3 throwing nets (quivered)
Armour
 c - a +0 helmet (worn)
 l - a +2 leather armour of fire resistance (worn)
Scrolls
 b - a scroll of teleportation {unknown}
 f - a scroll of vulnerability
 g - 2 scrolls of identify
 k - a scroll of noise
 m - a scroll of holy word {unknown}
 n - a scroll of fog {unknown}
Potions
 e - a potion of heal wounds
 h - a potion of flight {unknown}
 i - a potion of curing
 j - a potion of brilliance {unknown}


   Skills:
 * Level 2.6 Fighting
 * Level 5.4 Polearms
 + Level 2.0 Throwing
 + Level 0.6 Armour
 * Level 4.3 Dodging
 * Level 0.8 Shields
 * Level 1.1 Invocations


You had 3 spell levels left.
You didn't know any spells.
Your spell library contained the following spells:

 Spells                   Type           Power      Damage    Failure   Level
 Apportation              Tloc           0%         N/A       50%         1
 Ensorcelled Hibernation  Hex/Ice        0%         N/A       65%         2
 Passwall                 Tmut/Erth      0%         N/A       65%         2
 Swiftness                Air            0%         N/A       86%         3
 Alistair's Intoxication  Tmut/Pois      0%         N/A       100%        5


Dungeon Overview and Level Annotations

Branches:
Dungeon (3/15)

Altars:

Shops:
D:3 [

Annotations:
D:3 Ijyb, Terence


Innate Abilities, Weirdness & Mutations

((You are very nimble when in or above water. (Stealth+, EV+, Speed+++)))
Your lower body shifts to a powerful aquatic tail in water.


Message History

You barely miss the orc.
The orc is moderately wounded.
The orc misses you.
You closely miss the orc.
The orc is moderately wounded.
The orc barely misses you.
You barely miss the orc.
The orc is moderately wounded.
The orc closely misses you.
You hit the orc.
You kill the orc!
Items here: ))) [ †.
HP restored.
Found a stone staircase leading down.
Found a weird jewelled staff.
There is a stone staircase leading down here.
You see here a staff of earth.
Ijyb the Twisted Goblin comes into view.
She is wielding a +0 club and carrying a wand of acid (8).
Ijyb is nearby!
Terence the Incautious comes into view.
He is wielding a +0 trident.
Found Lilaroc's Armour Shoppe.
Found a stone staircase leading up.
Ijyb shouts!
Terence shouts!
Ijyb drinks a potion.
Ijyb seems to speed up.
You reach to attack!
You barely miss Terence. Terence barely misses you.
You reach to attack!
You hit Terence but do no damage.
Terence hits you from afar with a +0 trident!
You reach to attack!
You puncture Terence!
Terence is moderately wounded.
Terence hits you from afar with a +0 trident.
You hit Ijyb.
Ijyb is moderately wounded.
Terence completely misses you. Ijyb misses you.
Terence hits you from afar with a +0 trident.
You are too injured to fight recklessly!
You are too injured to fight recklessly!
You hit Ijyb but do no damage.
Ijyb is moderately wounded.
Ijyb zaps a wand.
The bolt of acid hits you!!
Ouch! That really hurt!
You die...

#........>.#
#..........#
#..........#
#..........#
#.....|....#
######.#######
#..##...##.
##.#......<
#.@g@.....
#.........
#.........
###......∩
#...#.. .#.# #
.... ...##


You could see Ijyb (fast) and Terence.

Vanquished Creatures
  An orc wizard (D:3)
  An adder (D:2)
  2 worms (D:2)
  3 orcs (D:3)
  2 bats
  6 endoplasms
  A giant cockroach (D:1)
  4 goblins
  2 hobgoblins (D:1)
  4 jackals (D:1)
  A quokka (D:1)
  3 ball pythons
  3 frilled lizards
  3 kobolds
  2 rats
38 creatures vanquished.

Notes
Turn   | Place    | Note
-------+----------+-------------------------------------------
     0 | D:1      | HotDog the Merfolk Gladiator began the quest for the Orb.
     0 | D:1      | Reached XP level 1. HP: 16/16 MP: 1/1
   283 | D:1      | Reached XP level 2. HP: 16/22 MP: 2/2
   733 | D:1      | Found a faded altar of an unknown god.
   736 | D:1      | Reached XP level 3. HP: 27/27 MP: 3/3
  1011 | D:2      | Reached skill level 5 in Polearms
  1629 | D:3      | Reached skill level 1 in Invocations
  1629 | D:3      | Reached XP level 4. HP: 24/34 MP: 4/4
  1738 | D:3      | Noticed Ijyb
  1739 | D:3      | Found Lilaroc's Armour Shoppe.
  1739 | D:3      | Noticed Terence
  1744 | D:3      | Killed from afar by Ijyb

Illustrated notes

Levels and vault maps discovered:
D:1:      dpeg_arrival_three_bigger_balls, layout_rooms,
          hellmonk_ecumenical_altar_slurped_away, minmay_pentomino_t2
D:2:      layout_rooms, minmay_misc_feat_five
D:3:      layout_rooms, serial_shops, shop, gammafunk_ghost_nasty_kobolds,
          chequers_jeans, uniq_ijyb, uniq_natasha, uniq_terence

Skill      XL: |  1  2  3 |
---------------+----------+-----
Polearms       | 5 |  5.4
Invocations    | 1 |  1.1
Fighting       | |  2.6
Throwing       | |  2.0
Armour         | |  0.6
Dodging        | |  4.3
Shields        | |  0.8

Action                   |  1- 3 |  4- 6 || total
-------------------------+-------+-------++-------
Melee: Trident           |   109 |    16 ||   125
       Punch             |     2 |       ||     2
  Use: Scroll            |     2 |       ||     2
       Potion            |     2 |       ||     2
 Stab: Sleeping          |     1 |       ||     1
Armor: Leather armour    |    24 |     3 ||    27
Dodge: Dodged            |    71 |     7 ||    78

Table legend: (Time is in decaauts)
 A = Elapsed time spent in this place.
 B = Non-inter-level travel time spent in this place.
 C = Inter-level travel time spent in this place.
 D = Time resting spent in this place.
 E = Time spent auto-exploring this place.
 F = Levels seen in this place.
 G = Mean time per level.
                   A        B        C        D        E       F      G
               +--------+--------+--------+--------+--------+-----+--------+
         Total |   1750 |   1698 |     52 |      0 |   1428 |   3 |  583.3 |
       Dungeon |   1750 |   1698 |     52 |      0 |   1428 |   3 |  583.3 |
               +--------+--------+--------+--------+--------+-----+--------+

Top non-repeatable levels by time:
     D:1: 979 daAuts
     D:2: 621 daAuts
     D:3: 149 daAuts
